 Dungeon Crawl Stone Soup version 0.18-a0-1372-gd644665 (webtiles) character file.

1217 Kidiri the Conjurer (level 8, -2/45 HPs)
             Began as a Deep Elf Conjurer on Feb 21, 2016.
             Slain by Menkaure (16 damage)
             ... on level 5 of the Dungeon.
             The game lasted 00:40:21 (5836 turns).

Kidiri the Conjurer (Deep Elf Conjurer)             Turns: 5836, Time: 00:40:21

Health: -2/45      AC:  5    Str:  5    XL:     8   Next: 22%
Magic:  21/28      EV: 13    Int: 25    God:
Gold:   294        SH:  0    Dex: 15    Spells: 5 memorised, 5 levels left

rFire  . . .     SeeInvis .     h - +1 dagger
rCold  . . .     Gourm    .     v - +0 leather armour
rNeg   . . .     Faith    .     (no shield)
rPois  +         Spirit   .     d - +1 hat
rElec  .         Dismiss  .     g - +0 cloak
rCorr  .         Reflect  .     (no gloves)
SustAt .         Harm     .     (no boots)
MR     .....                    (no amulet)
Stlth  +++.......               a - ring of magical power
                                u - ring of wizardry

@: not resistant to hostile enchantments, fairly stealthy
A: antennae 1, blink, clever 1, poison resistance
a: Blink


You were on level 5 of the Dungeon.
You were not hungry.

You visited 1 branch of the dungeon, and saw 5 of its levels.
You also visited: Sewer.

You collected 294 gold pieces.

Inventory:

Hand Weapons
 h - a +1 dagger (weapon)
Armour
 d - a +1 hat (worn)
 g - a +0 cloak (worn)
 v - a +0 leather armour (worn)
 z - a +1 ring mail of cold resistance
Jewellery
 a - a ring of magical power (right hand)
 o - an uncursed ring of flight {unknown}
 u - a ring of wizardry (left hand)
Wands
 k - a wand of flame (27/48)
 y - a wand of acid (9/15)
Scrolls
 i - 2 scrolls of blinking
 j - a scroll of enchant armour {unknown}
 l - 3 scrolls of remove curse
 m - a scroll of immolation {unknown}
 p - a scroll of identify
 w - a scroll of teleportation
 B - a scroll of brand weapon {unknown}
Potions
 e - 3 potions of heal wounds
 f - a potion of curing
 q - a potion of cure mutation {unknown}
 r - 2 potions of brilliance {unknown}
 t - a potion of haste
 x - a potion of berserk rage {unknown}
Books
 b - a book of Conjurations

   Spells                             Type                      Level
   a - Magic Dart                     Conjuration                  1
   b - Searing Ray                    Conjuration                  2
   c - Dazzling Spray                 Conjuration/Hexes            3
   d - Fulminant Prism                Conjuration/Hexes            4
   e - Iskenderun's Mystic Blast      Conjuration                  4
   f - Iskenderun's Battlesphere      Conjuration/Charms           5
Comestibles
 c - 3 bread rations
 n - 5 chunks of flesh
 s - a royal jelly
 A - a meat ration


   Skills:
 + Level 2.5 Fighting
 + Level 2.6 Short Blades
 * Level 2.9 Armour
 + Level 4.2 Dodging
 + Level 4.3 Stealth
 * Level 6.2 Spellcasting
 * Level 6.6 Conjurations
 + Level 3.2 Hexes


You had 5 spell levels left.
You knew the following spells:

 Your Spells              Type           Power        Failure   Level  Hunger
a - Magic Dart            Conj           ####         1%          1    None
b - Searing Ray           Conj           #####.       1%          2    None
c - Dazzling Spray        Conj/Hex       ####....     2%          3    None
d - Iskenderun's Mystic   Conj           #####...     4%          4    ###....
e - Fulminant Prism       Conj/Hex       ####......   9%          4    ###....


Dungeon Overview and Level Annotations

Branches:
Dungeon (5/15)
 Temple: D:4-7

Altars:

Annotations:
D:5 Blork the orc, Menkaure


Innate Abilities, Weirdness & Mutations

You have a pair of small antennae on your head.
You can translocate small distances at will.
Your mind is acute. (Int +2)
Your system is resistant to poisons.


Message History

Unknown command.
Casting: Magic Dart
Confirm with . or Enter, or press ? or * to list all spells.
Aiming: Dazzling Spray
Press: ? - help, Shift-Dir - straight line, f/p - Blork the orc
Aim: Blork the orc, wielding a dire flail and wearing a robe (severely wounded)
Okay, then.
You see here 11 stones.
Unknown command.
Casting: Dazzling Spray
Confirm with . or Enter, or press ? or * to list all spells.
Aiming: Dazzling Spray
Press: ? - help, Shift-Dir - straight line, f/p - Blork the orc
Aim: Blork the orc, wielding a dire flail and wearing a robe (severely wounded)
The spray of energy hits Blork the orc.
Blork the orc is almost dead.
Blork the orc is dazzled.
The spray of energy hits Menkaure.
Menkaure is moderately damaged.
Menkaure hits you!
You die...

##........####....,,,,*
#.................*****
#.............S...,********
#...†.......####.#,,,,,,,,,
#..<.......s.....#******,,,
#.M....$....###..# ###+##
##........#...#..#####....#
*##.....o.###........o..#.#
#......##M@####.#..#.#.#..'
#......*##.## #.#..###{...#
#......* #..###<..([[##o###
#......* ##.......##.).M...
#......* #####..#####(....
*,,,,,,* ##....### ###...
***,,***####.......#####..#
**,***,.....#.##..##....#
*,,,,...####.###.##.##.#


You could see Blork the orc (blind) and Menkaure.

Vanquished Creatures
  Duvessa (D:5)
  A sky beast (D:5)
  2 giant frogs (Sewer)
  2 scorpions
  Dowan (D:5)
  A water moccasin skeleton (D:4)
  A crimson imp (D:4)
  A hound (D:4)
  2 centaur skeletons (D:4)
  2 orc wizards (D:5)
  An iguana (D:4)
  Ijyb (D:2)
  Terence (D:3)
  3 worker ants
  A hound zombie (D:5)
  A worker ant zombie (D:4)
  3 gnolls (D:3)
  12 adders
  13 oozes (Sewer)
  3 worms
  17 giant geckos
  11 orcs
  4 bats
  19 giant cockroaches
  11 goblins
  3 hobgoblins
  10 kobolds
  2 quokkas
  10 ball pythons
  19 giant newts
  A jackal skeleton (D:3)
  11 rats
171 creatures vanquished.

Vanquished Creatures (others)
  An orc (D:5)
  A fulminant prism (D:5)
2 creatures vanquished.

Grand Total: 173 creatures vanquished

Notes
Turn   | Place    | Note
--------------------------------------------------------------
     0 | D:1      | Kidiri the Deep Elf Conjurer began the quest for the Orb.
     0 | D:1      | Reached XP level 1. HP: 10/10 MP: 6/6
   314 | D:1      | Reached XP level 2. HP: 15/15 MP: 6/8
   318 | D:1      | Learned a level 2 spell: Searing Ray
  1033 | D:2      | Noticed Ijyb
  1040 | D:2      | Killed Ijyb
  1040 | D:2      | Reached XP level 3. HP: 18/20 MP: 1/10
  1049 | D:2      | Learned a level 3 spell: Dazzling Spray
  1143 | D:2      | Reached skill level 1 in Armour
  1266 | D:2      | Reached XP level 4. HP: 18/24 MP: 6/11
  1343 | D:2      | Learned a level 4 spell: Iskenderun's Mystic Blast
  1597 | D:2      | Reached skill level 1 in Short Blades
  1597 | D:2      | Reached skill level 5 in Conjurations
  2045 | D:3      | Noticed Terence
  2056 | D:3      | Killed Terence
  2056 | D:3      | Reached skill level 1 in Fighting
  2056 | D:3      | Reached XP level 5. HP: 16/29 MP: 1/13
  2671 | D:3      | Reached skill level 1 in Hexes
  2971 | D:4      | Reached XP level 6. HP: 26/34 MP: 14/14
  3598 | D:4      | Learned a level 4 spell: Fulminant Prism
  3973 | D:5      | Entered Level 5 of the Dungeon
  4004 | D:5      | Noticed a sky beast
  4020 | D:5      | Killed a sky beast
  4020 | D:5      | Reached XP level 7. HP: 12/39 MP: 2/16
  4067 | D:5      | Found a glowing drain.
  4157 | D:5      | Reached skill level 5 in Spellcasting
  4174 | Sewer    | Entered a sewer
  4806 | Sewer    | Reached skill level 6 in Conjurations
  5196 | D:5      | Noticed Duvessa
  5212 | D:5      | Noticed Dowan
  5371 | D:5      | Killed Dowan
  5371 | D:5      | Reached XP level 8. HP: 44/44 MP: 18/18
  5385 | D:5      | Killed Duvessa
  5404 | D:5      | Noticed Blork the orc
  5405 | D:5      | Noticed Menkaure
  5410 | D:5      | Gained mutation: Your magical capacity is low (-10% MP). [potion of mutation]
  5410 | D:5      | Lost mutation: Your magical capacity is low (-10% MP). [potion of mutation]
  5410 | D:5      | Gained mutation: You have a pair of small antennae on your head. [potion of mutation]
  5426 | D:4      | Gained mutation: Your mind is acute. (Int +2) [potion of mutation]
  5426 | D:4      | Gained mutation: You can translocate small distances at will. [potion of mutation]
  5426 | D:4      | Gained mutation: Your system is resistant to poisons. [potion of mutation]
  5836 | D:5      | Slain by Menkaure

Vault maps used:
D:1:      ncdulo_halloftheorcs, minivault_4
D:2:      uniq_iyjb
D:3:      uniq_terence
D:5:      gup_sewer_entry_pipe, first_bread, kennysheep_generic_room_14,
          uniq_blork_the_orc, uniq_duvessa, uniq_menkaure
Sewer:    sewer_frog_island_02

Action                   |  1- 3 |  4- 6 |  7- 9 || total
-------------------------+-------+-------+-------++-------
Melee: Dagger            |     4 |    28 |    19 ||    51
 Cast: Magic Dart        |    52 |    99 |   185 ||   336
       Searing Ray       |     1 |     4 |     3 ||     8
       Dazzling Spray    |       |    13 |    36 ||    49
       Fulminant Prism   |       |       |     1 ||     1
  Use: Scroll            |       |     9 |     2 ||    11
       Potion            |       |       |     4 ||     4
 Stab: Sleeping          |     3 |     3 |       ||     6
       Distracted        |       |     2 |       ||     2
  Eat: Chunk             |     1 |     7 |     7 ||    15
       Beef jerky        |       |     1 |       ||     1
